 Dungeon Crawl Stone Soup version 0.27-a0-1184-ge86db4a01e (webtiles) character file.

Game seed: 8773179123491818831

4477 ZappyNine the Zephyrmancer (level 10, -11/67 (83) HPs)
             Began as a Green Draconian Air Elementalist on May 18, 2021.
             Was a Follower of Ashenzari.
             Mangled by Harold
             ... wielding a +1 flail of draining
              (12 damage)
             ... on level 8 of the Dungeon.
             The game lasted 00:20:14 (10399 turns).

ZappyNine the Zephyrmancer (DrAE)                  Turns: 10399, Time: 00:20:15

HP:   -11/67 (83)   AC: 16    Str: 11    XL:     10   Next: 15%
MP:   2/13          EV: 14    Int: 19    God:    Ashenzari [*.....]
Gold: 166           SH:  0    Dex: 14    Spells: 5/13 levels left

rFire    . . .     SeeInvis .   B - +2 rapier (venom)
rCold    . . .     Faith    .   (no shield)
rNeg     . . .     Spirit   .   (armour unavailable)
rPois    +         Reflect  .   (helmet restricted)
rElec    .         Harm     .   p - +2 cloak {rPois}
rCorr    .         Rampage  .   f - +2 pair of gloves "Affliction of the Ether" {Dex+3, Alch, Elem} (curse)
Will     .....                  j - +2 pair of boots of Ashenzari's Optimism {Bglg, Comp} (curse)
Stlth    ++........             (no amulet)
HPRegen  0.21/turn              (no ring)
MPRegen  0.13/turn              (no ring)

@: mighty, short of breath, marked, very slightly contaminated, heavily drained,
invisible (expiring)
A: breathe noxious fumes, AC +7, unfitting armour, poison resistance,
cold-blooded, stinger 1, no potion heal 1
a: Breathe Noxious Fumes, Renounce Religion, Curse Item, Shatter the Chains


You were on level 8 of the Dungeon.
You worshipped Ashenzari.
Ashenzari was aware of your devotion.
You visited 1 branch of the dungeon, and saw 8 of its levels.

You collected 346 gold pieces.
You spent 180 gold pieces at shops.

Inventory:

Hand Weapons
 B - a +2 rapier of venom (weapon)
Missiles
 o - 2 throwing nets
Armour
 f - the cursed +2 pair of gloves "Affliction of the Ether" (worn) {Dex+3, Alch, Elem}
   (You acquired it on level 4 of the Dungeon)

   It has a curse which improves the following skills: Alchemy: Poison Magic and
   Transmutations.
   Elements:  Fire Magic, Ice Magic, Air Magic and Earth Magic.
 j - the cursed +2 pair of boots of Ashenzari's Optimism (worn) {Bglg, Comp}
   (You found it on level 2 of the Dungeon)

   It has a curse which improves the following skills: Beguiling: Conjurations,
   Hexes and Translocations.
   Companions: Summonings and Necromancy.
 p - a +2 cloak of poison resistance (worn)
Wands
 h - a wand of iceblast (16)
 n - a wand of flame (34)
 s - a wand of charming (13)
Scrolls
 a - 9 scrolls of identify
 c - 2 scrolls of amnesia
 i - 5 scrolls of noise
 k - 2 scrolls of magic mapping
 m - a scroll of fear
 q - 2 scrolls of teleportation
 r - 2 scrolls of fog
 t - a scroll of enchant weapon
 u - a scroll of blinking
 x - a scroll of brand weapon
 y - 2 scrolls of holy word
Potions
 b - 2 potions of flight
 d - 3 potions of attraction
 e - a potion of lignification
 g - a potion of curing
 l - a potion of mutation
 v - 3 potions of haste
 w - a potion of invisibility
 z - a potion of brilliance
 A - a potion of magic


   Skills:
 + Level 6.1 Fighting
 * Level 2.7 Short Blades
 - Level 5.2 Dodging
 - Level 1.7 Stealth
 + Level 2.0 Spellcasting
 - Level 6.6(7.6) Conjurations
 - Level 10.6(11.5) Air Magic


You had 5 spell levels left.
You knew the following spells:

 Your Spells              Type           Power      Damage    Failure   Level
a - Shock                 Conj/Air       100%       1d9       1%          1
b - Swiftness             Air            45%        N/A       1%          3
c - Airstrike             Air            22%        N/A       1%          4

Your spell library contained the following spells:

 Spells                   Type           Power      Damage    Failure   Level
 Magic Dart               Conj           100%       1d8       1%          1
 Searing Ray              Conj           60%        3d5       1%          2
 Static Discharge         Conj/Air       38%        N/A       1%          2
 Lightning Bolt           Conj/Air       19%        1d33      9%          5
 Dazzling Flash           Conj/Hex       32%        N/A       11%         3
 Corona                   Hex            2%         N/A       16%         1
 Slow                     Hex            2%         N/A       24%         2
 Fulminant Prism          Conj/Hex       8%         3d7       34%         4
 Iskenderun's Mystic Bla  Conj/Tloc      16%        2d5       34%         4
 Inner Flame              Hex/Fire       2%         N/A       43%         3
 Portal Projectile        Hex/Tloc       4%         N/A       43%         3
 Cause Fear               Hex            1%         N/A       85%         4
 Leda's Liquefaction      Hex/Erth       1%         N/A       85%         4


Dungeon Overview and Level Annotations

Branches:
Dungeon (8/15)             Temple (0/1) D:7
   Lair: D:8-11

Altars:
Ashenzari
Elyvilon
Gozag
Hepliaklqana
Kikubaaqudgha
Trog
Vehumet
Wu Jian
Xom

Shops:
D:1 *   D:5 !   D:7 [

Annotations:
D:8 Harold


Innate Abilities, Weirdness & Mutations

You can breathe blasts of noxious fumes.
Your lurid green scales are hard. (AC +7)
You cannot fit into any form of body armour.
Your system is resistant to poisons. (rPois)
You are cold-blooded and may be slowed by cold attacks.
Your tail ends in a poisonous barb.
Potions are less effective at restoring your health.


Message History

Unknown command.
You hit Harold.
Harold looks as sick as possible!
Harold is severely wounded.
The bullfrog barely misses the bullfrog.
The bullfrog hits you but does no damage.
Harold points at you and mumbles some strange words.
The mark upon you grows brighter.
The bullfrog closely misses the bullfrog.
The bullfrog closely misses you.
Unknown command.
Okay, then.
Casting: Airstrike (dangerous; 1% risk of failure)
Confirm with . or Enter, or press ? or * to list all spells.
Aiming: Shock (safe; 1% risk of failure)
Press: ? - help, Shift-Dir - straight line, f - bullfrog, p - Harold
Aim: a bullfrog (lightly wounded, confused, 88% to hit)
The zap hits Harold.
Harold is almost dead.
The zap hits the bullfrog!
The bullfrog is heavily wounded.
The bullfrog hits the bullfrog.
Harold hits you with a +1 flail of draining!
* * * LOW HITPOINT WARNING * * *
You feel drained.
* * * LOW HITPOINT WARNING * * *
The bullfrog closely misses you.
Unknown command.
Unknown command.
The bullfrog closely misses the bullfrog.
The bullfrog barely misses itself.
The bullfrog hits you.
* * * LOW HITPOINT WARNING * * *
Your system partially rejects the healing.
You feel better. The bullfrog barely misses you.
Harold hits you with a +1 flail of draining!
* * * LOW HITPOINT WARNING * * *
You feel drained.
You feel very mighty all of a sudden.
You flicker for a moment.
The bullfrog closely misses you.
Harold hits you with a +1 flail of draining!
You die...

.)###. ......# .
....... . .......
.# .
#...#######.#..
#.:F.......
#(......#
#..@F...+
#(..@...##. .
#($........#
#.#####'####+##...
#........###+## $.
#.............#
#.............#
#.............#
..#####+#.....#
####....#.....#


You could see Harold (extremely poisoned) and 2 bullfrogs.

Vanquished Creatures
  Pikel (D:7)
  Maggie (D:6)
  Sigmund (D:5)
  Eustachio (D:5)
  An acid dragon (D:7)
  2 water moccasins (D:6)
  Duvessa (D:7)
  An orc warrior (D:6)
  4 black bears
  An ice beast (D:6)
  2 sky beasts
  A hornet zombie (D:6)
  A necrophage (D:5)
  5 ogres
  2 phantoms
  A centaur (D:4)
  A kobold brigand (D:5)
  A bullfrog (D:7)
  5 scorpions
  A wyvern skeleton (D:7)
  A water moccasin skeleton (D:4)
  Dowan (D:7)
  7 wights
  A centaur zombie (D:6)
  Crazy Yiuf (D:3)
  5 hounds
  A jelly (D:6)
  A bullfrog skeleton (D:5)
  A centaur skeleton (D:7)
  Jessica (D:3)
  3 iguanas (D:6)
  Ijyb (D:3)
  A hound skeleton (D:5)
  5 gnolls
  A howler monkey skeleton (D:5)
  10 adders
  A white imp (D:4)
  An adder skeleton (D:4)
  5 worms
  4 orcs (D:6)
  7 ball pythons
  6 bats
  7 endoplasms
  4 giant cockroaches
  6 hobgoblins
  19 jackals
  8 kobolds
  A quokka (D:3)
  A frilled lizard (D:5)
  16 goblins
  6 rats
167 creatures vanquished.

Vanquished Creatures (others)
  5 fungi (D:3)
  6 plants
11 creatures vanquished.

Grand Total: 178 creatures vanquished

Notes
Turn   | Place    | Note
-------+----------+-------------------------------------------
     0 | D:1      | ZappyNine the Draconian Air Elementalist began the quest
                  | for the Orb.
     0 | D:1      | Reached XP level 1. HP: 14/14 MP: 3/3
    74 | D:1      | Found Zewko's General Store.
   101 | D:1      | Reached XP level 2. HP: 20/22 MP: 1/5
   280 | D:1      | Reached skill level 1 in Fighting
   361 | D:1      | Reached XP level 3. HP: 28/28 MP: 6/6
  1087 | D:2      | Learned a level 3 spell: Swiftness
  1765 | D:2      | Reached XP level 4. HP: 34/35 MP: 7/7
  2555 | D:3      | Noticed Jessica
  2564 | D:3      | Killed Jessica
  2774 | D:3      | Found a faded altar of an unknown god.
  2782 | D:3      | Reached XP level 5. HP: 37/42 MP: 8/8
  3465 | D:3      | Noticed Ijyb
  3519 | D:3      | Killed Ijyb
  3780 | D:3      | Found a runed translucent door.
  3781 | D:3      | Noticed Crazy Yiuf
  3789 | D:3      | Learned a level 4 spell: Airstrike
  3804 | D:3      | Killed Crazy Yiuf
  3920 | D:4      | Found an ornate altar of the Wu Jian Council.
  3923 | D:4      | Found a bloodstained altar of Trog.
  4266 | D:4      | Reached XP level 6. HP: 49/52 MP: 9/9
  4517 | D:4      | Found an opulent altar of Gozag.
  4522 | D:4      | Reached skill level 4 in Air Magic
  4560 | D:4      | Reached skill level 5 in Air Magic
  4661 | D:4      | Your scales start taking on a lurid green colour.
  4661 | D:4      | Reached XP level 7. HP: 52/58 MP: 10/10
  4661 | D:4      | Gained mutation: Your system is resistant to poisons.
                  | (rPois) [Green Draconian growth]
  4969 | D:4      | Found a broken altar of Ashenzari.
  5092 | D:4      | Became a worshipper of Ashenzari the Shackled
  5092 | D:4      | Identified a scroll of acquirement
  5106 | D:4      | Acquired a +1 pair of gloves of dexterity
  5132 | D:5      | Entered Level 5 of the Dungeon
  5162 | D:5      | Reached skill level 6 in Air Magic
  5311 | D:5      | Found a white marble altar of Elyvilon.
  5423 | D:5      | Reached skill level 7 in Air Magic
  5765 | D:5      | Noticed Sigmund
  5776 | D:5      | Killed Sigmund
  5777 | D:5      | Reached skill level 8 in Air Magic
  5777 | D:5      | Reached XP level 8. HP: 53/66 MP: 11/11
  5929 | D:5      | Found Guikk's Distillery.
  5951 | D:5      | Bought a potion of brilliance for 60 gold pieces
  5951 | D:5      | Bought a potion of magic for 120 gold pieces
  5951 | D:5      | Gained mutation: Your tail ends in a poisonous barb.
                  | [potion of mutation]
  5951 | D:5      | Gained mutation: Potions are less effective at restoring
                  | your health. [potion of mutation]
  6032 | D:5      | Noticed Eustachio
  6052 | D:5      | Killed Eustachio
  6302 | D:5      | Reached skill level 9 in Air Magic
  6745 | D:6      | Noticed Maggie
  6762 | D:6      | Killed Maggie
  6767 | D:6      | Reached skill level 10 in Air Magic
  7127 | D:6      | Found an ancient bone altar of Kikubaaqudgha.
  7261 | D:6      | Reached XP level 9. HP: 10/66 MP: 1/12
  7817 | D:6      | Reached skill level 1 in Short Blades
  8066 | D:6      | Reached skill level 5 in Fighting
  8641 | D:6      | Reached skill level 5 in Dodging
  8829 | D:6      | Reached * piety under Ashenzari
  9294 | D:7      | Found a staircase to the Ecumenical Temple.
  9519 | D:7      | Noticed Dowan
  9524 | D:7      | Noticed Duvessa
  9536 | D:7      | Reached skill level 5 in Conjurations
  9548 | D:7      | Killed Dowan
  9550 | D:7      | Killed Duvessa
  9551 | D:7      | Reached XP level 10. HP: 40/82 MP: 8/13
  9768 | D:7      | Found a radiant altar of Vehumet.
  9783 | D:7      | Found a shimmering altar of Xom.
  9786 | D:7      | Found a hazy altar of Hepliaklqana.
  9858 | D:7      | Found Alamihi's Antique Armour Shop.
 10024 | D:7      | Noticed Pikel
 10036 | D:7      | Killed Pikel
 10371 | D:8      | Noticed Harold
 10398 | D:8      | HP: 1/69 [Harold/+1 flail of draining (9)]
 10399 | D:8      | Mangled by Harold

Illustrated notes

Levels and vault maps discovered:
D:1:      dpeg_arrival_houses_and_road, layout_loops_ring, serial_shops,
          nicolae_shop_crystal, hangedman_glass_teeth
D:2:      layout_loops_ring
D:3:      kennysheep_goblin_castle, layout_rooms, ebering_ecumenical_altar_rust,
          uniq_crazy_yiuf_cottage, uniq_jessica
D:4:      layout_loops_corners, nicolae_overflow_crystal_walls,
          kennysheep_mini_moat, chequers_temple_overflow_statue_of_worship
D:5:      layout_loops_ring, lemuel_round_altar, minmay_shop_grid_forest,
          lexackson_kobold_supper, uniq_eustachio, uniq_ijyb, uniq_sigmund
D:6:      minmay_diamond_boxcup, layout_loops_cross, kennysheep_little_box,
          hangedman_decor_growths, minmay_pentangle, uniq_maggie
D:7:      layout_rooms, minitemple, minmay_temple_entry_gardened_gates,
          serial_shops, kennysheep_mini, serial_glass, glass_columns_a,
          glass_columns_b, nrook_uturn, minmay_misc_feat_nine_boxes, uniq_pikel,
          uniq_duvessa
D:8:      layout_basic, marbit_many_paths, eat_drink_and_be_merry_uskayaw,
          grunt_lair_entry_orc_guard_hut, uniq_harold

Skill      XL: |  1  2  3  4  5  6  7  8  9 10 |
---------------+-------------------------------+-----
Fighting       | 1 2 3 6 |  6.1
Conjurations   | 2 5 6 |  6.6
Dodging        | 2 3 5 |  5.2
Air Magic      | 5 8 10 | 10.6
Short Blades   | 2 |  2.7
Stealth        | |  1.7
Spellcasting   | |  2.0

Action                   |  1- 3 |  4- 6 |  7- 9 | 10-12 || total
-------------------------+-------+-------+-------+-------++-------
Melee: Short sword       |   113 |    31 |       |       ||   144
       Unarmed           |     6 |       |       |       ||     6
       Tailslap          |     9 |    21 |    38 |     5 ||    73
       Dagger            |       |   161 |    86 |       ||   247
       Rapier            |       |       |   236 |    29 ||   265
 Cast: Shock             |    21 |    28 |    42 |     2 ||    93
       Airstrike         |       |     1 |     9 |     6 ||    16
       Swiftness         |       |     1 |     2 |       ||     3
Invok: Curse Item        |       |       |     2 |       ||     2
 Abil: Breathe Noxious F |       |       |     7 |     2 ||     9
  Use: Scroll            |       |       |     2 |       ||     2
       Potion            |       |       |     3 |     4 ||     7
 Stab: Sleeping          |     6 |     2 |     9 |       ||    17
       Distracted        |       |     1 |       |       ||     1
       Confused          |       |       |     2 |     2 ||     4
Armor: Skin              |    32 |   113 |   190 |    20 ||   355
Dodge: Dodged            |    82 |   157 |   259 |    31 ||   529

Table legend: (Time is in decaauts)
 A = Elapsed time spent in this place.
 B = Non-inter-level travel time spent in this place.
 C = Inter-level travel time spent in this place.
 D = Time resting spent in this place.
 E = Time spent auto-exploring this place.
 F = Levels seen in this place.
 G = Mean time per level.
                   A        B        C        D        E       F      G
               +--------+--------+--------+--------+--------+-----+--------+
         Total |  10460 |  10244 |    216 |   1825 |   6720 |   8 | 1307.5 |
       Dungeon |  10460 |  10244 |    216 |   1825 |   6720 |   8 | 1307.5 |
               +--------+--------+--------+--------+--------+-----+--------+

Top non-repeatable levels by time:
     D:6: 2469 daAuts
     D:3: 1670 daAuts
     D:5: 1572 daAuts
     D:2: 1348 daAuts
     D:4: 1217 daAuts
     D:7: 1211 daAuts
     D:1: 926 daAuts
     D:8: 44 daAuts
